Map: King's Cove LE

Players

SortOf

  • Race: Zerg Zerg
  • League: Master
  • Spawn Location: 11:00

MarineLorD - Winner!

  • Race: Terran Terran
  • League: Grandmaster
  • Spawn Location: 5:00

Event: 2019 Assembly Summer

VOD

Have the link to the VOD?

Description

Time

  • Played on: Aug. 1, 2019, 12:08 p.m.
  • Length: 11:25

All games in this series

Show
View Real Time Build Order
Export as new Build Order

SortOf Zerg 

Build Orders: Hatch First 

Get SALT Encoding   

  12  0:00  Drone  
  13  0:12  Overlord  
  13  0:18  Drone  
  14  0:30  Drone x2  
  16  0:50  Hatchery  
  16  0:53  Drone  
  16  0:56  Drone  
  17  0:59  Drone  
  18  1:12  Extractor  
  18  1:16  Spawning Pool  
  17  1:18  Drone  
  17  1:22  Drone  
  18  1:28  Drone  
  19  1:38  Drone  
  20  1:51  Overlord  
  20  2:02  Queen  
  20  2:03  Zergling x4, Queen  
  26  2:11  Drone  
  26  2:12  Drone  
  28  2:25  Drone x2  
  29  2:37  Drone  
  29  2:42  Extractor  
  29  2:43  Overlord, Queen  
  29  2:44  Metabolic Boost  
  31  2:47  Drone  
  31  2:50  Queen  
  34  2:52  Drone  
  34  2:57  Extractor  
  35  3:04  Drone x2  
  37  3:08  Overlord  
  37  3:10  Drone  
  39  3:17  Extractor  
  38  3:22  Drone  
  40  3:28  Drone x4  
  43  3:35  Queen  
  45  3:41  Drone  
  45  3:43  Hatchery  
  45  3:45  Drone x2  
  48  3:55  Drone  
  48  4:00  Drone x3  
  48  4:02  Overlord  
  51  4:05  Overlord  
  51  4:06  Baneling Nest  
  50  4:20  Queen  
  50  4:22  Extractor  
  50  4:23  Zergling x12  
  57  4:37  Drone x3  
  60  4:40  Overlord  
  60  4:43  Lair  
  60  4:49  Overlord  
  60  4:50  Baneling x2  
  60  4:52  Baneling  
  60  4:55  Spore Crawler, Overlord  
  60  4:58  Drone x5  
  64  5:02  Queen  
  64  5:04  Drone x3  
  64  5:05  Overlord  
  69  5:08  Spore Crawler  
  69  5:09  Spore Crawler  
  69  5:12  Drone x2  
  68  5:17  Queen  
  72  5:22  Evolution Chamber  
  72  5:23  Evolution Chamber  
  72  5:24  Drone x5  
  72  5:27  Drone  
  76  5:30  Zergling x4  
  76  5:35  Drone  
  78  5:38  Drone x3  
  78  5:42  Overseer  
  81  5:44  Centrifical Hooks  
  81  5:45  Extractor  
  81  5:46  Drone x5  
  85  5:54  Queen x2  
  86  6:03  Zergling x12  
  87  6:06  Drone x2, Queen  
  85  6:12  Zerg Ground Armor Level 1, Zerg Melee Weapons Level 1  
  77  6:21  Drone x5  
  77  6:24  Drone x2  
  77  6:34  Drone x5  
  77  6:36  Drone x2  
  84  6:44  Spore Crawler  
  83  6:48  Infestation Pit, Hydralisk Den  
  83  6:51  Drone x5  
  83  6:57  Drone x2  
  83  6:58  Extractor  
  84  7:02  Hatchery  
  84  7:07  Zergling x10  
  88  7:11  Extractor  
  88  7:13  Drone  
  88  7:15  Spore Crawler  
  87  7:16  Zergling x10  
  89  7:23  Drone x3  
  89  7:26  Muscular Augments  
  89  7:29  Baneling x7  
  90  7:34  Drone x4  
  94  7:41  Drone x2  
  95  7:44  Zergling x4  
  95  7:45  Overlord  
  95  7:48  Hive  
  95  7:49  Overlord  
  90  8:04  Spore Crawler, Hydralisk x4  
  97  8:08  Hydralisk x3  
  97  8:09  Zergling x2  
  104  8:14  Overlord  
  104  8:15  Drone x4  
  104  8:16  Drone  
  109  8:21  Zerg Ground Armor Level 2  
  106  8:29  Drone  
  106  8:32  Zerg Melee Weapons Level 2  
  106  8:33  Drone x5  
  106  8:34  Drone  
  113  8:40  Baneling x2  
  113  8:42  Grooved Spines  
  113  8:43  Zergling x2  
  113  8:44  Zergling x10  
  113  8:47  Overlord  
  119  8:51  Overlord  
  119  8:55  Overlord  
  119  9:00  Baneling x6, Overlord  
  119  9:05  Overlord  
  119  9:06  Overlord x3  
  119  9:10  Viper  
  119  9:12  Zergling x10  
  119  9:16  Drone x2  
  119  9:17  Drone, Extractor  
  130  9:23  Ultralisk Cavern  
  130  9:24  Zergling x14  
  135  9:36  Adrenal Glands  
  135  9:40  Zergling x12, Extractor  
  140  9:48  Hatchery  
  139  9:54  Zergling x26  
  139  9:56  Baneling x5  
  152  10:01  Baneling x9  
  151  10:10  Zergling x2  
  151  10:13  Zergling x2  
  151  10:14  Zergling x6  
  132  10:17  Zergling x8  
  123  10:25  Zergling x4  
  106  10:28  Queen  
  106  10:29  Queen  
  106  10:30  Zergling x6  
  105  10:38  Zergling x6  
  94  10:50  Drone x4  
  107  11:02  Drone x3  
  107  11:03  Drone  
  110  11:05  Drone  
Show
View Real Time Build Order
Export as new Build Order

MarineLorD Terran - Winner!

Build Orders: Reaper Expand 

Get SALT Encoding   

  12  0:00  SCV  
  13  0:12  SCV  
  14  0:17  Supply Depot  
  14  0:24  SCV  
  15  0:39  SCV  
  15  0:40  Barracks  
  16  0:44  Refinery  
  16  0:51  SCV  
  17  1:03  SCV  
  18  1:15  SCV  
  19  1:27  Reaper, Orbital Command  
  20  1:43  Command Center  
  20  1:52  Supply Depot  
  20  1:54  SCV  
  21  1:59  Marine  
  22  2:06  SCV  
  23  2:14  Factory  
  23  2:15  Refinery  
  23  2:18  SCV  
  24  2:23  Barracks Reactor  
  24  2:30  SCV  
  25  2:42  SCV  
  26  2:54  SCV  
  26  2:55  Orbital Command  
  27  3:00  Starport  
  31  3:05  Marine, Hellion  
  31  3:06  Hellion  
  31  3:07  SCV  
  33  3:13  Supply Depot  
  33  3:19  SCV  
  34  3:25  SCV  
  35  3:32  Hellion x2, SCV  
  40  3:35  Marine  
  40  3:39  SCV  
  40  3:40  Fusion Core  
  42  3:45  Supply Depot  
  42  3:46  SCV  
  43  3:51  SCV  
  44  3:58  SCV  
  48  4:03  Hellion  
  48  4:04  Hellion, SCV  
  48  4:07  Starport Tech Lab  
  50  4:10  SCV  
  50  4:16  SCV  
  52  4:20  Command Center  
  52  4:22  SCV  
  53  4:27  Supply Depot  
  53  4:28  SCV  
  54  4:37  Battlecruiser  
  54  4:38  SCV  
  61  4:40  SCV  
  62  4:48  Supply Depot  
  62  4:50  Barracks Tech Lab, SCV  
  63  4:53  SCV  
  64  5:00  Factory Reactor  
  64  5:02  SCV  
  64  5:03  Barracks  
  64  5:04  Barracks  
  64  5:05  SCV  
  66  5:10  Marine  
  66  5:13  Stimpack  
  67  5:14  SCV  
  67  5:17  SCV  
  69  5:23  Engineering Bay  
  69  5:24  Engineering Bay, Refinery  
  69  5:26  Refinery, SCV  
  70  5:28  Marine  
  70  5:29  SCV  
  70  5:33  Orbital Command  
  72  5:38  SCV  
  72  5:41  SCV  
  74  5:46  Marine  
  75  5:50  SCV  
  75  5:53  Starport Reactor, SCV  
  77  5:59  Marine  
  77  6:00  SCV  
  77  6:01  Marine  
  77  6:03  SCV  
  77  6:04  Marine  
  81  6:05  SCV  
  81  6:10  Terran Infantry Armor Level 1, Terran Infantry Weapons Level 1  
  81  6:12  SCV  
  81  6:15  Marine, Barracks x2, SCV  
  81  6:17  Marine  
  85  6:18  Marine  
  85  6:19  Marine  
  85  6:22  Marine  
  85  6:24  SCV  
  82  6:31  Orbital Command  
  78  6:33  Marine  
  78  6:35  Marine  
  78  6:36  Marine, Siege Tank, Medivac  
  78  6:37  Medivac  
  78  6:38  Refinery  
  78  6:39  Marine x2  
  90  6:47  Supply Depot  
  90  6:48  Supply Depot  
  90  6:50  Supply Depot  
  90  6:51  Marine  
  90  6:52  Marine  
  92  6:55  SCV  
  93  7:08  Marine, SCV, Medivac, Barracks Reactor  
  93  7:09  Armory, Barracks Reactor  
  93  7:11  Marine x2  
  93  7:13  Marine  
  100  7:16  Siege Tank  
  100  7:18  SCV  
  100  7:19  SCV  
  100  7:20  Marine  
  100  7:21  SCV  
  107  7:26  Marine  
  107  7:29  Marine x2  
  110  7:30  SCV  
  110  7:31  Marine, Refinery  
  110  7:33  Factory  
  112  7:38  Marine  
  112  7:44  Marine  
  113  7:47  Marine x2  
  113  7:48  Marine  
  117  7:58  Marine x4, Medivac  
  117  8:00  Marine  
  117  8:08  Supply Depot, Terran Infantry Weapons Level 2  
  117  8:09  Supply Depot  
  117  8:10  Supply Depot  
  117  8:11  Supply Depot, Marine x4, Siege Tank  
  117  8:12  Terran Infantry Armor Level 2  
  124  8:16  Marine x4  
  124  8:18  Combat Shield, Marine  
  129  8:28  Marine x4  
  129  8:30  Factory Tech Lab  
  129  8:31  SCV x3  
  129  8:33  Medivac  
  129  8:34  Marine  
  139  8:35  Marine x2  
  139  8:40  Supply Depot  
  141  8:41  Supply Depot  
  141  8:44  Supply Depot  
  141  8:50  Terran Vehicle And Ship Armor Level 1, Siege Tank  
  141  8:51  Siege Tank  
  147  8:56  Marine x5  
  147  8:58  Marine  
  147  9:00  Marine x2  
  147  9:01  Marine  
  156  9:11  Medivac x2  
  156  9:14  Marine x5  
  156  9:16  Marine  
  166  9:17  Marine  
  166  9:18  Marine  
  166  9:19  Marine  
  169  9:26  Command Center  
  169  9:31  Marine x2  
  169  9:32  Marine x3  
  169  9:34  Marine  
  169  9:35  Marine  
  169  9:37  Siege Tank  
  179  9:41  Marine, Medivac x2  
  179  9:43  Marine  
  185  9:46  Supply Depot  
  185  9:47  Supply Depot  
  185  9:49  Marine x2  
  187  9:54  Marine x2  
  189  10:01  Marine  
  189  10:08  Marine x6  
  189  10:12  Marine  
  179  10:14  Marine, Barracks x2  
  179  10:15  Barracks  
  179  10:19  Marine  
  179  10:21  Medivac  
  166  10:26  Marine x6  
  155  10:30  Marine, Siege Tank  
  155  10:32  Marine  
  160  10:37  Marine  
  161  10:43  Marine x2  
  161  10:45  Marine x2  
  165  10:50  Marine  
  165  10:51  Siege Tank  
  165  10:56  Marine x2  
  165  10:59  Marine  
  165  11:01  Marine  
  165  11:03  Marine x2  
  169  11:05  Marine  
  169  11:06  Marine  
  169  11:07  Marine  
Tags
 
Add a new tag
Caveats
  • Supply blocks, unpowered buildings, or Contaminate may cause inaccurate times.
  • Supply counts are checked every 10 seconds.